 Dungeon Crawl Stone Soup version 0.29.1-12-g30fa7ad0bf (webtiles) character file.

Game seed: 5127077704989361018

43 hawla the Firebug (level 4, 0/33 HPs)
             Began as a Meteoran Fire Elementalist on Jan 6, 2023.
             Succumbed to an adder's poison
             ... on level 3 of the Dungeon.
             The game lasted 00:02:09 (121 turns).

hawla the Firebug (Meteoran Fire Elementalist)       Turns: 121, Time: 00:02:09

Health: 0/33       AC:  2    Str:  9    XL:     4   Next: 6%
Magic:  3/10       EV: 13    Int: 18    God:
Gold:   52         SH:  0    Dex: 15    Spells: 6/9 levels left

rFire   . . .      SeeInvis .   (no weapon)
rCold   . . .      Faith    .   (no shield)
rNeg    . . .      Spirit   .   a - +0 robe
rPois   .          Reflect  .   (no helmet)
rElec   .          Harm     .   (no cloak)
rCorr   .          Rampage  .   (no gloves)
Will    .....                   (no boots)
Stlth   +.........              (no amulet)
HPRegen 0.11/turn               (no ring)
MPRegen 0.12/turn               (no ring)

@: lethally poisoned (0 -> -3), glowing
A: sense surroundings 1, otherworldly, glowing, explore regen
a: no special abilities


You were on level 3 of the Dungeon.
You visited 1 branch of the dungeon, and saw 3 of its levels.

You collected 52 gold pieces.

Inventory:

Armour
 a - a +0 robe (worn)


   Skills:
 + Level 2.7 Dodging
 - Level 1.5 Stealth
 + Level 3.3 Spellcasting
 + Level 1.5 Conjurations
 + Level 4.6 Fire Magic


You had 6 spell levels left.
You knew the following spells:

 Your Spells              Type           Power      Damage    Failure   Level
a - Foxfire               Conj/Fire      56%        2x1d6     4%          1
b - Scorch                Fire           38%        2d6       3%          2

Your spell library contained the following spells:

 Spells                   Type           Power      Damage    Failure   Level
 Conjure Flame            Conj/Fire      14%        6-21      13%         3
 Inner Flame              Hex/Fire       11%        N/A       19%         3
 Flame Wave               Conj/Fire      14%        2d6       41%         4


Dungeon Overview and Level Annotations

Branches:
Dungeon (3/15) Zot: 1679

Altars:


Innate Abilities, Weirdness & Mutations

You passively map a small area around you.
You are easily found by Zot.
You glow in the dark.
You regain HP and MP as you explore.


Message History

The adder poisons you! Magic courses through your body.
* * * LOW HITPOINT WARNING * * *
You feel sick. The orc hits you with a +0 short sword.
* * * LOW HITPOINT WARNING * * *
The orc misses you. The adder bites you but does no damage.
Casting: Scorch (safe; 3% risk of failure)
Confirm with . or Enter, or press ? or * to list all spells.
Flames lash the adder.
The adder is almost dead.
The adder's fire resistance burns away.
* * * LOW HITPOINT WARNING * * *
You feel sick. The adder closely misses you. The orc closely misses you.
The orc barely misses you. The adder barely misses you.
Press: ? - help, v - describe, . - travel A rock wall.
Unknown command.
Casting: Scorch (safe; 3% risk of failure)
Confirm with . or Enter, or press ? or * to list all spells.
Flames lash the orc.
The orc is almost dead.
The orc's fire resistance burns away.
* * * LOW HITPOINT WARNING * * *
You feel sick. The orc hits you but does no damage. The orc closely misses you.
The adder bites you.
* * * LOW HITPOINT WARNING * * *
Unknown command.
Casting: Scorch (safe; 3% risk of failure)
Confirm with . or Enter, or press ? or * to list all spells.
Flames lash the orc but do no damage.
* * * LOW HITPOINT WARNING * * *
You feel sick. The orc misses you. The orc hits you with a +0 short sword.
* * * LOW HITPOINT WARNING * * *
The adder misses you.
Casting: Scorch (safe; 3% risk of failure)
Confirm with . or Enter, or press ? or * to list all spells.
Flames lash the orc.
The orc is severely wounded.
The orc's fire resistance burns away.
You die...

######, ,, *
##....#...<#
,,, ,,
.....[....)#,
............
#.......####.
,* #.......#
.. ,
#......o#
*,#.,
#.....oo# *
.# * *#..#@#
* # * #S# ,
#.# * , #.##
, #<.# * , ,
, #..# , , **
, #..# *
,#..# , ,
#... , , ,


You could see an adder (combustible) and 3 orcs.

Vanquished Creatures
  An orc priest (D:3)
  An adder (D:2)
  An endoplasm (D:3)
  A ball python (D:3)
  4 kobolds
8 creatures vanquished.

Vanquished Creatures (others)
  19 foxfires
19 creatures vanquished.

Grand Total: 27 creatures vanquished

Notes
Turn   | Place    | Note
-------+----------+-------------------------------------------
     0 | D:1      | hawla the Meteoran Fire Elementalist began the quest for
                  | the Orb.
     0 | D:1      | Reached XP level 1. HP: 14/14 MP: 5/5
    57 | D:2      | Reached skill level 4 in Fire Magic
    57 | D:2      | Reached XP level 2. HP: 18/20 MP: 2/6
    87 | D:2      | Learned a level 2 spell: Scorch
    87 | D:2      | HP: 1/20 [poisoned by a kobold]
   111 | D:3      | Reached XP level 3. HP: 15/26 MP: 0/8
   111 | D:3      | Reached XP level 4. HP: 20/33 MP: 0/10
   120 | D:3      | HP: 1/33 [orc/+0 short sword (1)]
   121 | D:3      | Succumbed to an adder's poison

Illustrated notes

Levels and vault maps discovered:
D:1:      dpeg_arrival_pits, layout_rooms
D:2:      layout_rooms
D:3:      lemuel_castle_with_subvaults [lemuel_castle_interior_carwin_3],
          layout_basic, dreamdust_ecumenical_altar_grove, uniq_ijyb

Skill      XL: |  1  2 |
---------------+-------+-----
Fire Magic     | 4 |  4.6
Spellcasting   | 3 |  3.3
Dodging        | |  2.7
Stealth        | |  1.5
Conjurations   | |  1.5

Action                   |  1- 3 |  4- 6 || total
-------------------------+-------+-------++-------
Melee: Unarmed           |     4 |     4 ||     8
 Cast: Foxfire           |    11 |       ||    11
       Scorch            |     2 |     4 ||     6
  Use: Scroll            |       |     1 ||     1
       Potion            |       |     1 ||     1
Armor: Robe              |     2 |     3 ||     5
Dodge: Dodged            |     2 |    12 ||    14
